 Dungeon Crawl Stone Soup version 0.27.0-1-g7a089689b8 (webtiles) character file.

Game seed: 10538735109422414673

84 ZombieSheep the Magician (level 4, 0/32 HPs)
             Began as a Gnoll Wanderer on Aug 6, 2021.
             Was a Priest of Elyvilon.
             Slain by an orc wizard (1 damage)
             ... on level 3 of the Dungeon.
             The game lasted 00:06:03 (4898 turns).

ZombieSheep the Magician (Gnoll Wanderer)           Turns: 4898, Time: 00:06:03

Health: 0/32       AC:  6    Str: 10    XL:     4   Next: 45%
Magic:  13/13      EV: 10    Int: 13    God:    Elyvilon [***...]
Gold:   89         SH:  5    Dex: 12    Spells: 16/17 levels left

rFire    . . .     SeeInvis .   k - +0 rapier
rCold    . . .     Faith    .   (no shield)
rNeg     . . .     Spirit   .   f - +0 ring mail
rPois    .         Reflect  +   (no helmet)
rElec    .         Harm     .   g - +0 cloak
rCorr    .         Rampage  .   (no gloves)
Will     .....                  (no boots)
Stlth    +.........             h - amulet of reflection
HPRegen  0.10/turn              (no ring)
MPRegen  0.13/turn              (no ring)

@: no status effects
A: fangs 1, strong nose, distributed training
a: Renounce Religion, Lesser Healing, Heal Other, Purification, Divine
Protection


You were on level 3 of the Dungeon.
You worshipped Elyvilon.
Elyvilon was most pleased with you.
You visited 1 branch of the dungeon, and saw 3 of its levels.

You collected 89 gold pieces.

Inventory:

Hand Weapons
 a - a +0 dagger
 k - a +0 rapier (weapon)
Armour
 f - a +0 ring mail (worn)
 g - a +0 cloak (worn)
Jewellery
 h - an amulet of reflection (around neck)
 l - a ring of wizardry
 m - a ring of ice
Potions
 c - 3 potions of curing
 e - 2 potions of might {unknown}
 i - 2 potions of haste {unknown}
 j - a potion of flight {unknown}


   Skills:
 + Level 1.1 Fighting
 + Level 1.1 Short Blades
 + Level 1.1 Long Blades
 + Level 1.1 Axes
 + Level 1.1 Maces & Flails
 + Level 4.6 Polearms
 + Level 1.1 Staves
 + Level 1.1 Slings
 + Level 1.1 Bows
 + Level 1.1 Crossbows
 + Level 2.7 Throwing
 + Level 1.1 Armour
 + Level 2.7 Dodging
 + Level 1.1 Stealth
 + Level 1.1 Shields
 + Level 1.1 Unarmed Combat
 + Level 7.2 Spellcasting
 + Level 0.9 Conjurations
 + Level 0.9 Hexes
 + Level 0.9 Summonings
 + Level 0.9 Necromancy
 + Level 0.9 Translocations
 + Level 0.9 Transmutations
 + Level 3.8 Fire Magic
 + Level 0.9 Ice Magic
 + Level 0.9 Air Magic
 + Level 0.9 Earth Magic
 + Level 0.9 Poison Magic
 + Level 1.2 Invocations
 + Level 2.7 Evocations


You had 16 spell levels left.
You knew the following spells:

 Your Spells              Type           Power      Damage    Failure   Level
a - Magic Dart            Conj           28%        1d4       26%         1

Your spell library contained the following spells:

 Spells                   Type           Power      Damage    Failure   Level
 Blink                    Tloc           N/A        N/A       36%         2
 Call Imp                 Summ           7%         N/A       36%         2
 Slow                     Hex            7%         N/A       36%         2
 Conjure Flame            Conj/Fire      10%        6-21      38%         3
 Mephitic Cloud           Conj/Pois/Air  7%         N/A       61%         3


Dungeon Overview and Level Annotations

Branches:
Dungeon (3/15)

Altars:
Elyvilon


Innate Abilities, Weirdness & Mutations

You have very sharp teeth.
Your uncanny sense of smell can sniff out nearby items.
Your experience applies equally to all skills.


Message History

The orc throws a stone.
The stone barely misses you.
You hear some strange, mumbled words.
A magic dart appears from out of thin air!
The magic dart hits you.
You bump into the rock wall.
Something hits you but does no damage.
You bump into the rock wall.
The orc hits you with a +0 dagger. Something hits you but does no damage.
You bump into the rock wall.
The orc closely misses you. Something hits you.
You bump into the rock wall.
The orc hits you with a +0 dagger. Something hits you.
You bump into the rock wall.
The orc hits you with a +0 dagger. Something hits you but does no damage.
You completely miss something.
An orc wizard appears from thin air!
Reactivating autopickup.
The orc barely misses you.
The orc wizard hits you but does no damage.
You bump into the rock wall.
You feel less confused. You block the orc's attack.
The orc wizard hits you but does no damage.
You barely miss the orc wizard. The orc hits you with a +0 dagger.
* * * LOW HITPOINT WARNING * * *
The orc wizard hits you with a +0 dagger.
* * * LOW HITPOINT WARNING * * *
You closely miss the orc wizard. Your bite misses the orc wizard.
The orc closely misses you.
The orc wizard hits you but does no damage.
The orc hits you with a +0 dagger.
* * * LOW HITPOINT WARNING * * *
You hit the orc wizard.
The orc wizard is lightly wounded.
The orc wizard barely misses you. The orc hits you but does no damage.
You puncture the orc wizard! Your bite misses the orc wizard.
The orc wizard is severely wounded.
The orc wizard completely misses you. The orc hits you with a +0 dagger.
* * * LOW HITPOINT WARNING * * *
You hit the orc wizard but do no damage.
The orc wizard is severely wounded.
The orc wizard hits you with a +0 dagger.
You die...

## ### ∆ ... #. #.. ..#
#. #.# ##...## #.# #.#
###....... ###.####o#
#......... #.....##@#
#.#......o
####.....##o####.###...##
.............)..(# ..#
##....[##.###### ##
#.....##.# ###.####.# #.#
#.# #.####.####
#..†......###


You could see an orc wizard and an orc.

Vanquished Creatures
  An adder (D:2)
  A worm (D:3)
  2 dart slugs (D:2)
  2 orcs (D:3)
  6 bats
  9 endoplasms
  5 giant cockroaches
  5 hobgoblins
  3 jackals (D:2)
  A quokka (D:2)
  5 ball pythons
  4 frilled lizards
  5 goblins (D:1)
  5 kobolds
  6 rats
60 creatures vanquished.

Vanquished Creatures (others)
  3 plants (D:2)
3 creatures vanquished.

Grand Total: 63 creatures vanquished

Notes
Turn   | Place    | Note
-------+----------+-------------------------------------------
     0 | D:1      | ZombieSheep the Gnoll Wanderer began the quest for the Orb.
     0 | D:1      | ZombieSheep set off with the following items: a +0 dagger,
                  | a +0 robe, 2 potions of curing; and the following spell
                  | memorised: Magic Dart; and the following spells available
                  | to memorise: Conjure Flame, Blink, Call Imp, Slow, Mephitic
                  | Cloud
     0 | D:1      | Reached XP level 1. HP: 13/13 MP: 8/8
   414 | D:1      | Reached XP level 2. HP: 19/19 MP: 10/10
   567 | D:1      | Found a faded altar of an unknown god.
   574 | D:1      | Became a worshipper of Elyvilon the Healer
   574 | D:1      | Reached * piety under Elyvilon
  1936 | D:1      | Reached XP level 3. HP: 25/25 MP: 11/11
  2586 | D:2      | Reached skill level 1 in Invocations
  2798 | D:2      | Reached ** piety under Elyvilon
  3250 | D:2      | Reached skill level 1 in Fighting
  3250 | D:2      | Reached skill level 1 in Short Blades
  3250 | D:2      | Reached skill level 1 in Long Blades
  3250 | D:2      | Reached skill level 1 in Axes
  3250 | D:2      | Reached skill level 1 in Maces & Flails
  3250 | D:2      | Reached skill level 1 in Staves
  3250 | D:2      | Reached skill level 1 in Slings
  3250 | D:2      | Reached skill level 1 in Bows
  3250 | D:2      | Reached skill level 1 in Crossbows
  3250 | D:2      | Reached skill level 1 in Armour
  3250 | D:2      | Reached skill level 1 in Stealth
  3250 | D:2      | Reached skill level 1 in Shields
  3250 | D:2      | Reached skill level 1 in Unarmed Combat
  3770 | D:2      | Reached XP level 4. HP: 13/32 MP: 11/13
  4341 | D:2      | Reached *** piety under Elyvilon
  4897 | D:3      | HP: 1/32 [orc (2)]
  4898 | D:3      | Slain by an orc wizard

Illustrated notes

Levels and vault maps discovered:
D:1:      minmay_arrival_glassed_features, layout_basic,
          shapermc_ecumenical_altar_petra, minmay_misc_feat_encased,
          minmay_liquid_box
D:2:      layout_basic, serial_bayou_crossing
D:3:      layout_loops_ring

Skill      XL: |  1  2  3 |
---------------+----------+-----
Invocations    | 1 |  1.2
Fighting       | 1 |  1.1
Short Blades   | 1 |  1.1
Long Blades    | 1 |  1.1
Axes           | 1 |  1.1
Maces & Flails | 1 |  1.1
Staves         | 1 |  1.1
Slings         | 1 |  1.1
Bows           | 1 |  1.1
Crossbows      | 1 |  1.1
Armour         | 1 |  1.1
Stealth        | 1 |  1.1
Shields        | 1 |  1.1
Unarmed Combat | 1 |  1.1
Polearms       | |  4.6
Throwing       | |  2.7
Dodging        | |  2.7
Spellcasting   | |  7.2
Conjurations   | |  0.9
Hexes          | |  0.9
Summonings     | |  0.9
Necromancy     | |  0.9
Translocations | |  0.9
Transmutations | |  0.9
Fire Magic     | |  3.8
Ice Magic      | |  0.9
Air Magic      | |  0.9
Earth Magic    | |  0.9
Poison Magic   | |  0.9
Evocations     | |  2.7

Action                   |  1- 3 |  4- 6 || total
-------------------------+-------+-------++-------
Melee: Dagger            |   246 |       ||   246
       Bite              |    21 |     8 ||    29
       Punch             |     1 |     1 ||     2
       Rapier            |       |    78 ||    78
Throw: Javelin           |     7 |     4 ||    11
 Cast: Magic Dart        |     1 |       ||     1
Invok: Lesser Healing    |     1 |     1 ||     2
  Use: Scroll            |     1 |     2 ||     3
 Stab: Sleeping          |     3 |       ||     3
Armor: Robe              |    45 |    14 ||    59
       Ring mail         |       |    18 ||    18
Dodge: Dodged            |   139 |    39 ||   178
Block: Other             |    30 |    12 ||    42
       Reflection        |     1 |       ||     1
